 Dungeon Crawl Stone Soup version 0.28.0-45-g0d030f2227 (webtiles) character file.

Game seed: 18081246610809960077

2079 101zpm the Magician (level 9, -4/65 HPs)
             Began as a Gnoll Air Elementalist on Apr 24, 2022.
             Was a Priest of Qazlal.
             Shot with an arrow by a centaur warrior (22 damage)
             ... on level 8 of the Dungeon.
             The game lasted 00:29:45 (10801 turns).

101zpm the Magician (Gnoll Air Elementalist)       Turns: 10801, Time: 00:29:45

Health: -4/65      AC:  5    Str:  7    XL:     9   Next: 26%
Magic:  18/18      EV: 13    Int: 19    God:    Qazlal [***...]
Gold:   353        SH:  4    Dex: 13    Spells: 6/21 levels left

rFire   . . .      SeeInvis +   i - +0 dagger of Ceefug {vorpal, rN+}
rCold   + . .      Faith    .   o - orb {mayhem}
rNeg    + . .      Spirit   .   j - +1 leather armour of the Old and Reckless {Drain rC+ Regen+}
rPois   .          Reflect  .   (no helmet)
rElec   .          Harm     .   (no cloak)
rCorr   .          Rampage  .   k - +0 pair of gloves of Reason {Fly}
Will    +....                   (no boots)
Stlth   ++........              (no amulet)
HPRegen 1.00/turn               e - ring of willpower
MPRegen 0.16/turn               p - ring of see invisible

@: flying
A: fangs 1, strong nose, distributed training
a: Renounce Religion, Upheaval, Elemental Force


You were on level 8 of the Dungeon.
You worshipped Qazlal.
Qazlal was most pleased with you.
You visited 2 branches of the dungeon, and saw 9 of its levels.

You collected 353 gold pieces.

Inventory:

Hand Weapons
 i - the +0 dagger of Ceefug (weapon) {vorpal, rN+}
   (You found it on level 5 of the Dungeon)

   It inflicts extra damage upon your enemies.
   rN:        It protects you from negative energy.
Armour
 j - the +1 leather armour of the Old and Reckless (worn) {Drain rC+ Regen+}
   (You found it on level 5 of the Dungeon)

   rC:        It protects you from cold.
   Regen:     It increases your rate of health regeneration.
   Drain:     It drains your maximum health when unequipped.
 k - the +0 pair of gloves of Reason (worn) {Fly}
   (You found it on level 5 of the Dungeon)

   Fly:       It grants you flight.
 o - an orb of mayhem (worn)
Jewellery
 e - a ring of willpower (left hand)
 p - a ring of see invisible (right hand)
 r - a ring of resist corrosion
Wands
 D - a wand of polymorph (1)
Scrolls
 d - a scroll of magic mapping
 g - a scroll of acquirement {unknown}
 l - 2 scrolls of immolation
 m - a scroll of torment {unknown}
 n - 5 scrolls of teleportation
 u - 2 scrolls of vulnerability
 w - a scroll of fog {unknown}
 x - a scroll of blinking {unknown}
 y - a scroll of enchant weapon {unknown}
 z - a scroll of noise
 C - a scroll of brand weapon
 E - a scroll of amnesia
Potions
 b - 5 potions of curing
 c - 3 potions of resistance {unknown}
 f - 2 potions of haste {unknown}
 q - a potion of might
 s - a potion of berserk rage {unknown}
 t - 2 potions of invisibility {unknown}
 v - a potion of heal wounds {unknown}
 A - a potion of degeneration {unknown}
 B - a potion of ambrosia {unknown}


   Skills:
 + Level 4.0 Fighting
 + Level 4.0 Short Blades
 + Level 4.0 Long Blades
 + Level 4.0 Axes
 + Level 4.0 Maces & Flails
 + Level 4.0 Polearms
 + Level 4.0 Staves
 + Level 4.0 Slings
 + Level 4.0 Bows
 + Level 4.0 Crossbows
 + Level 4.0 Throwing
 + Level 4.0 Armour
 + Level 6.2 Dodging
 + Level 5.9 Stealth
 + Level 4.0 Shields
 + Level 4.0 Unarmed Combat
 + Level 6.5 Spellcasting
 + Level 4.0 Conjurations
 + Level 3.3 Hexes
 + Level 3.3 Summonings
 + Level 3.3 Necromancy
 + Level 3.3 Translocations
 + Level 3.3 Transmutations
 + Level 3.3 Fire Magic
 + Level 3.3 Ice Magic
 + Level 6.4 Air Magic
 + Level 3.3 Earth Magic
 + Level 3.3 Poison Magic
 + Level 4.5 Invocations
 + Level 4.0 Evocations


You had 6 spell levels left.
You knew the following spells:

 Your Spells              Type           Power      Damage    Failure   Level
a - Shock                 Conj/Air       100%       1d9       1%          1
b - Static Discharge      Conj/Air       26%        N/A       2%          2
c - Swiftness             Air            30%        N/A       3%          3
d - Airstrike             Air            15%        N/A       11%         4
e - Stone Arrow           Conj/Erth      40%        3d9       10%         3
f - Ensorcelled Hibernat  Hex/Ice        36%        N/A       6%          2

Your spell library contained the following spells:

 Spells                   Type           Power      Damage    Failure   Level
 Animate Skeleton         Necr           36%        N/A       4%          1
 Apportation              Tloc           36%        N/A       4%          1
 Summon Small Mammal      Summ           72%        N/A       4%          1
 Passwall                 Tmut/Erth      15%        N/A       6%          2
 Fulminant Prism          Conj/Hex       10%        3d9       32%         4
 Iskenderun's Mystic Bla  Conj/Tloc      20%        2d6       32%         4
 Animate Armour           Summ/Erth      36%        N/A       36%         4
 Lee's Rapid Deconstruct  Erth           9%         3d8*      73%         5
 Lehudib's Crystal Spear  Conj/Erth      10%        10d4      100%        8


Dungeon Overview and Level Annotations

Branches:
Dungeon (8/15)             Temple (1/1) D:5
   Lair: D:8-11

Altars:
Ashenzari
Cheibriados
Dithmenos
Elyvilon
Fedhas
Gozag
Hepliaklqana
Makhleb
Nemelex Xobeh
Okawaru
Qazlal
Ru
Sif Muna
Trog
Uskayaw
Vehumet
Wu Jian
Xom
Yredelemnul
Zin
The Shining One

Shops:
D:3 *


Innate Abilities, Weirdness & Mutations

You have very sharp teeth.
Your uncanny sense of smell can sniff out nearby items.
Your experience applies equally to all skills.


Message History

You see here a +0 robe.
You start resting.
Magic restored.
You start resting.
HP restored.
You fly downwards.
The centaur warrior shoots an arrow.
The arrow barely misses you.
The centaur warrior shoots an arrow.
The arrow hits you!!
There is a stone staircase leading up, spattered with blood here.
The centaur warrior shoots an arrow.
The arrow hits you!
The centaur warrior shoots an arrow.
The arrow hits you!
* * * LOW HITPOINT WARNING * * *
You fly upwards.
There is a stone staircase leading down here.
You see here a +0 robe.
You start resting.
HP restored.
This spell is dangerous to cast!
Memorise Stone Arrow, consuming 3 spell levels and leaving 8?
You start memorising the spell.
You continue memorising. x3
You finish memorising.
Spell assigned to 'e'.
Memorise Ensorcelled Hibernation, consuming 2 spell levels and leaving 6?
You start memorising the spell.
You continue memorising. x2
You finish memorising.
Spell assigned to 'f'.
You fly downwards.
The centaur warrior shoots an arrow.
The arrow hits you!
The centaur warrior shoots an arrow.
The arrow hits you!
There is a stone staircase leading up, spattered with blood here.
The centaur warrior shoots an arrow.
The arrow hits you!
You fly upwards.
There is a stone staircase leading down here.
You see here a +0 robe.
You start resting.
HP restored.
You fly downwards.
The centaur warrior drinks a potion.
The centaur warrior seems to grow stronger.
The centaur warrior shoots an arrow.
The arrow hits you!!
The centaur warrior shoots an arrow.
The arrow hits you!!
* * * LOW HITPOINT WARNING * * *
There is a stone staircase leading up, spattered with blood here.
The centaur warrior shoots an arrow.
The arrow hits you!!
You die...

.....# ...# ....# [.. ∆
...# .... ### #..# ..#
..####..#######..###..###.
..........................
...............c.........
.#
........[.....(....[....
.# #....##...##.@.##...)..
..# #....##...###### .....
..# ##.....O....# ##.....
#...........+ ####)###
##....##...## #..O...+
.##....#######. #.<....#
................ #......#
................ ∆
##.....# ..##....##....O.
#.....#


You could see a centaur warrior (strong).

Vanquished Creatures
  A steam dragon (D:8)
  A water moccasin (D:6)
  2 sky beasts
  3 necrophages
  An ogre (D:2)
  A centaur (D:7)
  2 kobold brigands
  A bullfrog (D:7)
  A scorpion (D:4)
  A water moccasin zombie (D:6)
  A water moccasin skeleton (D:4)
  2 howler monkeys (D:8)
  2 jellies
  4 hounds
  A bullfrog skeleton (D:7)
  2 centaur zombies
  A gnoll shaman (D:6)
  2 orc priests
  2 iguanas
  2 orc wizards
  A killer bee zombie (D:7)
  A hound zombie (D:5)
  A hound skeleton (D:4)
  6 gnolls
  5 adders
  2 white imps
  3 worms
  A dart slug (D:1)
  9 orcs
  4 bats
  9 endoplasms
  4 giant cockroaches
  10 goblins
  9 hobgoblins
  20 kobolds
  2 quokkas
  4 ball pythons
  A frilled lizard (D:2)
  9 rats
134 creatures vanquished.

Vanquished Creatures (collateral kills)
  2 gnolls (D:3)
  An adder (D:3)
  3 goblins (D:3)
  A hobgoblin (D:3)
  A kobold (D:7)
8 creatures vanquished.

Vanquished Creatures (others)
  A jelly (D:7)
  An orc wizard (D:8)
  Robin (D:3)
  An orc (D:6)
  A kobold (D:2)
5 creatures vanquished.

Grand Total: 147 creatures vanquished

Notes
Turn   | Place    | Note
-------+----------+-------------------------------------------
     0 | D:1      | 101zpm the Gnoll Air Elementalist began the quest for the
                  | Orb.
     0 | D:1      | Reached XP level 1. HP: 13/13 MP: 6/6
   102 | D:2      | Found a faded altar of an unknown god.
   165 | D:2      | Reached XP level 2. HP: 19/19 MP: 3/7
   237 | D:2      | Found a snail-covered altar of Cheibriados.
   456 | D:2      | Noticed an ogre
   461 | D:2      | You fall into a shaft and drop 2 floors!
   473 | D:5      | Entered Level 5 of the Dungeon
   522 | D:5      | Found a staircase to the Ecumenical Temple.
   530 | D:5      | Reached skill level 1 in Fighting
   530 | D:5      | Reached skill level 1 in Short Blades
   530 | D:5      | Reached skill level 1 in Long Blades
   530 | D:5      | Reached skill level 1 in Axes
   530 | D:5      | Reached skill level 1 in Maces & Flails
   530 | D:5      | Reached skill level 1 in Polearms
   530 | D:5      | Reached skill level 1 in Staves
   530 | D:5      | Reached skill level 1 in Slings
   530 | D:5      | Reached skill level 1 in Bows
   530 | D:5      | Reached skill level 1 in Crossbows
   530 | D:5      | Reached skill level 1 in Throwing
   530 | D:5      | Reached skill level 1 in Armour
   530 | D:5      | Reached skill level 1 in Shields
   530 | D:5      | Reached skill level 1 in Unarmed Combat
   530 | D:5      | Reached skill level 5 in Spellcasting
   530 | D:5      | Reached skill level 1 in Invocations
   530 | D:5      | Reached skill level 1 in Evocations
   530 | D:5      | Reached XP level 3. HP: 15/26 MP: 0/9
   724 | Temple   | Entered the Ecumenical Temple
  1165 | Temple   | Became a worshipper of Qazlal Stormbringer
  1216 | D:4      | Reached XP level 4. HP: 22/32 MP: 1/11
  1439 | D:5      | Reached skill level 1 in Hexes
  1439 | D:5      | Reached skill level 1 in Summonings
  1439 | D:5      | Reached skill level 1 in Necromancy
  1439 | D:5      | Reached skill level 1 in Translocations
  1439 | D:5      | Reached skill level 1 in Transmutations
  1439 | D:5      | Reached skill level 1 in Fire Magic
  1439 | D:5      | Reached skill level 1 in Ice Magic
  1439 | D:5      | Reached skill level 1 in Earth Magic
  1439 | D:5      | Reached skill level 1 in Poison Magic
  1502 | D:5      | Noticed a sky beast
  1705 | D:4      | Noticed a scorpion
  1711 | D:4      | Killed a scorpion
  1712 | D:4      | Reached XP level 5. HP: 37/37 MP: 5/12
  1930 | D:4      | Reached XP level 6. HP: 36/44 MP: 9/13
  2601 | D:5      | Identified the +0 dagger of Ceefug {vorpal, rN+}
  2625 | D:5      | Identified the +1 leather armour of the Old and Reckless
                  | {Drain rC+ Regen+}
  2659 | D:5      | Identified the +0 pair of gloves of Reason {Fly}
  2686 | D:6      | Reached * piety under Qazlal
  2687 | D:6      | Reached skill level 5 in Dodging
  2732 | D:6      | Noticed a water moccasin
  2851 | D:5      | Noticed a necrophage
  2858 | D:5      | Learned a level 2 spell: Static Discharge
  2862 | D:5      | Learned a level 3 spell: Swiftness
  2867 | D:5      | Learned a level 4 spell: Airstrike
  3151 | D:5      | Killed a necrophage
  3283 | D:5      | Killed a sky beast
  3284 | D:5      | Reached XP level 7. HP: 51/51 MP: 2/15
  4410 | D:3      | Found Kosmed's Assorted Antiques.
  4990 | D:3      | Noticed Robin
  4994 | D:3      | Killed Robin
  4995 | D:3      | Reached skill level 5 in Stealth
  5005 | D:3      | Reached ** piety under Qazlal
  6553 | D:6      | Reached XP level 8. HP: 57/57 MP: 4/16
  7575 | D:6      | Reached *** piety under Qazlal
  8400 | D:7      | Reached XP level 9. HP: 39/65 MP: 11/18
  9341 | D:8      | Noticed Maurice
  9342 | D:8      | Noticed a two-headed ogre
  9527 | D:8      | Noticed a centaur warrior
 10237 | D:8      | Noticed Maurice
 10237 | D:8      | Maurice changed into Maurice the kobold
 10448 | D:8      | Killed Maurice the kobold
 10760 | D:7      | Learned a level 3 spell: Stone Arrow
 10763 | D:7      | Learned a level 2 spell: Ensorcelled Hibernation
 10801 | D:8      | Shot with an arrow by a centaur warrior

Illustrated notes

Levels and vault maps discovered:
D:1:      wander_arrival_estate, layout_rooms, nicolae_figureground_sparkle
D:2:      layout_rooms, basic_altar, chequers_ecumenical_altar_simple,
          minmay_goblin_kobold_house
D:3:      layout_basic, serial_shops, shop_statue, uniq_robin
D:4:      layout_basic
D:5:      layout_loops_cross, minmay_temple_entry_proselytizer,
          roderic_lattice_a
D:6:      layout_cave_pools
D:7:      layout_basic
D:8:      layout_gridville, uniq_harold, uniq_maurice
Temple:   mainiacjoe_temple_trianglar_array

Skill      XL: |  1  2  3  4  5  6  7  8  9 |
---------------+----------------------------+-----
Conjurations   | 2 3 4 |  4.0
Fighting       | 1 2 3 4 |  4.0
Short Blades   | 1 2 3 4 |  4.0
Long Blades    | 1 2 3 4 |  4.0
Axes           | 1 2 3 4 |  4.0
Maces & Flails | 1 2 3 4 |  4.0
Polearms       | 1 2 3 4 |  4.0
Staves         | 1 2 3 4 |  4.0
Slings         | 1 2 3 4 |  4.0
Bows           | 1 2 3 4 |  4.0
Crossbows      | 1 2 3 4 |  4.0
Throwing       | 1 2 3 4 |  4.0
Armour         | 1 2 3 4 |  4.0
Shields        | 1 2 3 4 |  4.0
Unarmed Combat | 1 2 3 4 |  4.0
Spellcasting   | 5 6 |  6.5
Invocations    | 1 2 3 4 |  4.5
Evocations     | 1 2 3 4 |  4.0
Hexes          | 1 2 3 |  3.3
Summonings     | 1 2 3 |  3.3
Necromancy     | 1 2 3 |  3.3
Translocations | 1 2 3 |  3.3
Transmutations | 1 2 3 |  3.3
Fire Magic     | 1 2 3 |  3.3
Ice Magic      | 1 2 3 |  3.3
Earth Magic    | 1 2 3 |  3.3
Poison Magic   | 1 2 3 |  3.3
Dodging        | 5 6 |  6.2
Stealth        | 5 |  5.9
Air Magic      | 6 |  6.4

Action                   |  1- 3 |  4- 6 |  7- 9 || total
-------------------------+-------+-------+-------++-------
Melee: Unarmed           |    11 |       |       ||    11
       Bite              |     1 |       |     2 ||     3
       Dagger            |       |       |    28 ||    28
 Cast: Shock             |    42 |    93 |   253 ||   388
       Airstrike         |       |     5 |    26 ||    31
Evoke: Wand              |       |       |     2 ||     2
  Use: Scroll            |       |       |     7 ||     7
Armor: Robe              |     2 |     1 |       ||     3
       Leather armour    |       |       |    23 ||    23
Dodge: Dodged            |    16 |     8 |    65 ||    89
Block: Orb               |       |       |    10 ||    10
       Other             |       |       |     1 ||     1
